 Dungeon Crawl Stone Soup version 0.24.0-1-gfbc8707 (webtiles) character file.

Game seed: 17220350595090520072, levelgen mode: deterministic

1226 AlmostDecent the Chopper (level 8, -5/50 HPs)
             Began as a Gargoyle Fighter on Nov 5, 2019.
             Was a Follower of Makhleb.
             Killed from afar by a starcursed mass (6 damage)
             ... with an accursed screaming
             ... on level 2 of the Abyss.
             The game lasted 00:17:21 (4621 turns).

AlmostDecent the Chopper (Gargoyle Fighter)         Turns: 4621, Time: 00:17:21

Health: -5/50      AC: 13    Str: 28    XL:     8   Next: 47%
Magic:  8/8        EV:  7    Int:  8    God:    Makhleb [*.....]
Gold:   360        SH: 17    Dex:  9    Spells: 7/7 levels left

rFire    . . .     SeeInvis +   a - +0 war axe
rCold    . . .     Gourm    .   q - +1 large shield
rNeg     + . .     Faith    .   b - +0 scale mail
rPois    ∞         Spirit   .   (no helmet)
rElec    +         Reflect  .   D - scarf {repulsion}
rCorr    .         Harm     .   (no gloves)
MR       .....                  (no boots)
Stlth    ..........             (no amulet)
HPRegen  0.16/turn              i - ring of see invisible
MPRegen  0.11/turn              (no ring)

@: mighty, repel missiles
A: negative energy resistance 1, electricity resistance, unbreathing,
petrification resistance, rot immunity, AC +5
a: Renounce Religion


You were on level 2 of the Abyss.
You worshipped Makhleb.
Makhleb was aware of your devotion.
You were not hungry.

You visited 1 branch of the dungeon, and saw 7 of its levels.
You visited the Abyss 1 time.

You collected 360 gold pieces.

Inventory:

Hand Weapons
 a - a +0 war axe (weapon)
Missiles
 p - a throwing net (quivered)
Armour
 b - a +0 scale mail (worn)
 c - a +0 shield
 q - a +1 large shield (worn)
 C - a +2 cloak
 D - a scarf of repulsion (worn)
Jewellery
 i - a ring of see invisible (left hand)
Wands
 v - a wand of flame (12)
Scrolls
 e - a scroll of identify
 g - a scroll of torment {unknown}
 h - a scroll of magic mapping
 j - a scroll of enchant armour
 k - a scroll of fog {unknown}
 n - 4 scrolls of enchant weapon
 o - a scroll of amnesia {unknown}
 r - 3 scrolls of remove curse
 u - 2 scrolls of teleportation {unknown}
 w - 2 scrolls of immolation {unknown}
 x - 3 scrolls of blinking
 y - a scroll of noise {unknown}
Potions
 d - 2 potions of flight {unknown}
 l - 2 potions of berserk rage {unknown}
 m - 4 potions of curing {unknown}
 s - 3 potions of might
 t - a potion of agility {unknown}
 z - a potion of brilliance {unknown}
 A - a potion of invisibility {unknown}
 B - a potion of degeneration {unknown}
Comestibles
 f - 11 rations


   Skills:
 * Level 5.4 Fighting
 * Level 6.5 Axes
 + Level 5.1 Armour
 + Level 1.9 Dodging
 + Level 0.2 Stealth
 + Level 5.2 Shields


You had 7 spell levels left.
You didn't know any spells.
Your spell library contained the following spells:

 Spells                   Type           Power        Failure   Level  Hunger
 Corona                   Hex            #......      100%        1    ##.....
 Ensorcelled Hibernation  Hex/Ice        #.....       100%        2    ###....
 Confuse                  Hex            #.......     100%        3    ####...
 Dazzling Spray           Conj/Hex       #.....       100%        3    ####...
 Tukima's Dance           Hex            #.......     100%        3    ####...


Dungeon Overview and Level Annotations

Branches:
Dungeon (7/15)             Temple (0/1) D:4

Altars:
Ashenzari
Elyvilon
Makhleb
Sif Muna
Wu Jian
Xom
Yredelemnul
Zin
The Shining One

Annotations:
D:6 3 runed translucent doors, tkappleton's ghost, novice MiBe


Innate Abilities, Weirdness & Mutations

You are resistant to torment.
Your stone body is resilient. (AC +5)
You are immune to poison.
You resist negative energy. (rN+)
You are resistant to electric shocks. (rElec)
You can survive without breathing.
You are immune to petrification.
You are immune to rotting.


Message History

The starcursed mass engulfs you. You block the starcursed mass's attack.
The starcursed mass engulfs you but does no damage.
You hit the starcursed mass but do no damage.
You hit the starcursed mass.
The starcursed mass shudders and is absorbed by its neighbour.
The starcursed mass engulfs you but does no damage.
A chorus of shrieks assaults your mind.
A starcursed mass splits.
You feel very mighty all of a sudden. A chorus of shrieks assaults your mind.
The starcursed mass closely misses you.
A starcursed mass splits.
You slash the starcursed mass!
The starcursed mass is moderately damaged.
The starcursed mass shudders and is absorbed by its neighbour.
A chorus of shrieks assaults your mind.
* * * LOW HITPOINT WARNING * * *
A chorus of shrieks assaults your mind.
* * * LOW HITPOINT WARNING * * *
A chorus of shrieks assaults your mind.
You die...

## ## #.. #
#. ..#.#####
.# #.#
#.#.#..## .#
# .
#..##..#X#.#
#..
#..#..X.X.#
# #.#
#...X##..# #
. .#.##@#.#
.# ... #.
..###.#.# #
..#### .#
#.... .#.#.
# ####. .# .
# .##.### #
#.# #. ##.#
#.##..# # #


You could see 3 starcursed masses.

Vanquished Creatures
  2 phantoms
  An ogre (D:4)
  2 centaurs
  A scorpion (D:4)
  A water moccasin skeleton (D:4)
  2 hounds
  A jelly (D:6)
  2 bullfrog skeletons (D:5)
  4 orc wizards
  3 worker ants
  2 hound skeletons (D:6)
  A howler monkey skeleton (D:5)
  8 gnolls
  6 adders
  2 shadow imps
  3 oozes
  6 worms
  4 leopard geckos
  10 orcs
  4 giant cockroaches
  7 goblins
  9 hobgoblins
  17 jackals
  5 quokkas
  A ball python (D:1)
  3 bats
  8 frilled lizards
  13 kobolds
  7 rats
  A bush (D:3)
136 creatures vanquished.

Vanquished Creatures (others)
  Blork the orc (D:5)
  4 fungi (D:6)
5 creatures vanquished.

Grand Total: 141 creatures vanquished

Notes
Turn   | Place    | Note
-------+----------+-------------------------------------------
     0 | D:1      | AlmostDecent the Gargoyle Fighter began the quest for the
                  | Orb.
     0 | D:1      | Reached XP level 1. HP: 14/14 MP: 1/1
    68 | D:1      | Reached XP level 2. HP: 15/19 MP: 2/2
   168 | D:1      | Reached skill level 2 in Axes
   173 | D:1      | Reached XP level 3. HP: 15/23 MP: 3/3
   658 | D:2      | Reached XP level 4. HP: 29/29 MP: 4/4
   669 | D:2      | Reached skill level 3 in Axes
   835 | D:2      | Found a shattered altar of Ashenzari.
  1033 | D:2      | Reached XP level 5. HP: 29/33 MP: 5/5
  1168 | D:2      | You fall into a shaft and drop 1 floor!
  1179 | D:3      | Reached skill level 1 in Dodging
  1327 | D:3      | Found a burning altar of Makhleb.
  1510 | D:3      | Found a shimmering altar of Xom.
  1510 | D:3      | Found a basalt altar of Yredelemnul.
  1512 | D:3      | Found a shimmering blue altar of Sif Muna.
  1620 | D:3      | Found an ornate altar of the Wu Jian Council.
  1776 | D:3      | Found a shimmering altar of Xom.
  1778 | D:3      | Found an ancient bone altar of Kikubaaqudgha.
  1778 | D:3      | Found a stormy altar of Qazlal.
  1780 | D:3      | Found a glowing silver altar of Zin.
  1780 | D:3      | Found a glowing golden altar of the Shining One.
  1780 | D:3      | Found a glowing silver altar of Zin.
  1990 | D:3      | Became a worshipper of Makhleb the Destroyer
  2159 | D:4      | Noticed an ogre
  2167 | D:4      | Killed an ogre
  2167 | D:4      | Reached skill level 4 in Axes
  2167 | D:4      | Reached XP level 6. HP: 23/38 MP: 6/6
  2361 | D:4      | Found a staircase to the Ecumenical Temple.
  2725 | D:5      | Entered Level 5 of the Dungeon
  2725 | D:5      | Found a white marble altar of Elyvilon.
  2730 | D:5      | Noticed Blork the orc
  2742 | D:5      | Killed Blork the orc
  2742 | D:5      | Reached XP level 7. HP: 44/44 MP: 7/7
  2804 | D:5      | Reached skill level 5 in Axes
  3299 | D:5      | Reached * piety under Makhleb
  3299 | D:5      | Reached skill level 5 in Fighting
  3637 | D:6      | Reached XP level 8. HP: 39/49 MP: 8/8
  3742 | D:6      | Reached skill level 6 in Axes
  3899 | D:6      | Found a runed translucent gate.
  3900 | D:6      | Found a runed translucent gate.
  3900 | D:6      | Noticed tkappleton's ghost (novice MiBe)
  3909 | D:6      | Found a runed translucent gate.
  3941 | D:6      | Reached skill level 5 in Armour
  4205 | D:6      | Reached skill level 5 in Shields
  4564 | D:7      | Found a glowing golden altar of the Shining One.
  4589 | D:7      | Cast into level 2 of the Abyss (big kobold)
  4606 | Abyss:2  | Noticed a starcursed mass
  4620 | Abyss:2  | HP: 1/50 [starcursed mass/accursed screaming (9)]
  4621 | Abyss:2  | Killed from afar by a starcursed mass

Levels and vault maps discovered:
D:1:      tarquinn_simple_flora_water_b, layout_basic
D:2:      layout_basic, evilmike_ruin_ashenzari, minmay_pentomino_o4
D:3:      layout_rooms, marbit_many_paths, old_standard_altar,
          gammafunk_temple_overflow_forgotten, doesnt_xom_only_xom
D:4:      layout_loops_ring, minmay_temple_entry_hall
D:5:      layout_cave_pools, basic_altar, first_ration, uniq_blork_the_orc
D:6:      layout_gridville, gammafunk_ghost_nasty_kobolds,
          minmay_misc_feat_doors, minivault_22, chequers_serial_rivers_small_b
D:7:      layout_basic, overflow_temple_1_default,
          minmay_shop_enchanted_jewellery, the_bakery
Abyss:2

Skill      XL: |  1  2  3  4  5  6  7  8 |
---------------+-------------------------+-----
Armour         | 4 5 |  5.1
Axes           | 2 3 4 5 6 |  6.5
Fighting       | 4 5 |  5.4
Dodging        | 1 |  1.9
Shields        | 4 5 |  5.2
Stealth        | |  0.2

Action                   |  1- 3 |  4- 6 |  7- 9 || total
-------------------------+-------+-------+-------++-------
Melee: War axe           |   102 |   249 |   247 ||   598
  Use: Potion            |       |     1 |     1 ||     2
       Scroll            |       |       |     5 ||     5
  Eat: Chunk             |       |     6 |     7 ||    13
Armor: Scale mail        |    66 |   112 |   123 ||   301
Dodge: Dodged            |    49 |    76 |    73 ||   198
Block: Shield            |    64 |   109 |    45 ||   218
       Large shield      |       |       |   160 ||   160
